[Event "Titled Tuesday Blitz April 05 Early 2022"]
[White "Marcziter, Dmitrii"]
[Black "Reprintsev, Alexander"]
[WhiteFideId "13900765"]
[BlackFideId "14100541"]
[WhiteElo "2155"]
[BlackElo "2108"]
[Result "0-1"]
[Round "10"]
[TimeControl "180+1"]
[Date "2022.04.05"]
[WhiteClock "0:00:43"]
[BlackClock "0:01:16"]

1. d4 d5 2. c4 e5 3. dxe5 d4 4. Nf3 Nc6 5. a3 g6 6. b4 Bg7 7. Bb2 Nh6 8. b5 Nxe5 9. Nbd2 Nf5 10. Nxe5 Bxe5 11. Nf3 Bf6 12. e3 c5 13. bxc6 Qa5+ 14. Qd2 Qxd2+ 15. Nxd2 bxc6 16. c5 O-O 17. Nf3 Re8 18. Be2 Kg7 19. g4 Rb8 20. O-O-O Rxb2 21. Kxb2 dxe3+ 22. Kc2 exf2 23. gxf5 Rxe2+ 24. Kd3 Ra2 25. fxg6 Ba6+ 26. Ke3 Re2+ 27. Kf4 hxg6 28. Rd2 Rxd2 29. Nxd2 Bc3 30. Nf1 Bd4 31. Kf3 Bxc5 32. a4 Bd4 33. h4 c5 34. Rh2 Bxf1 35. Rxf2 Bxf2 36. Kxf2 Bc4 0-1


[Site "https://www.chess.com"]

[Event "Titled Tuesday Blitz April 05 Early 2022"]
[White "Matveeva, Olga"]
[Black "Bettalli, Francesco"]
[WhiteFideId "24107018"]
[BlackFideId "2816453"]
[WhiteElo "2083"]
[BlackElo "2216"]
[Result "0-1"]
[Round "10"]
[TimeControl "180+1"]
[Date "2022.04.05"]
[WhiteClock "0:00:19"]
[BlackClock "0:00:23"]

1. d4 e5 2. dxe5 Nc6 3. Nf3 Qe7 4. g3 Nxe5 5. Bg2 h5 6. h4 d6 7. Nxe5 Qxe5 8. O-O Nf6 9. Nc3 c6 10. Bf4 Qc5 11. Na4 Qa5 12. b3 Be6 13. c4 Rd8 14. Qc2 Be7 15. Rad1 O-O 16. Nc3 Bf5 17. e4 Bg4 18. Rd2 Be6 19. Ne2 Ng4 20. Nd4 Ne5 21. Qd1 Bg4 22. Qc2 Bf6 23. Nf5 Bxf5 24. exf5 Ng4 25. Rxd6 Rxd6 26. Bxd6 Rd8 27. c5 Qb4 28. Qe4 Qxe4 29. Bxe4 Bd4 30. b4 Nf6 31. Bf3 g6 32. fxg6 fxg6 33. Rd1 Bc3 34. b5 cxb5 35. Bxb7 Ne8 36. Bd5+ Kg7 37. Bf4 Bf6 38. c6 Kf8 39. c7 Rc8 40. Be6 Rxc7 41. Bxc7 Nxc7 42. Bc8 a5 43. Rd7 Ne8 44. Ra7 Bc3 45. Kg2 Nd6 46. Bd7 a4 47. f3 Bd4 48. Ra6 Ke7 49. Bc6 Bc5 50. g4 a3 51. gxh5 gxh5 52. Kg3 Nf5+ 53. Kh3 Nd4 54. Bd5 b4 55. Kg3 Ne2+ 56. Kg2 Nc3 57. Bb3 Bd6 58. Ra7+ Kf6 59. Rb7 Ke5 60. Rb6 Bc5 61. Rb7 Kd4 62. Kg3 Ne2+ 63. Kf2 Nc1 64. Ke1 Nxb3 65. axb3 a2 66. Rd7+ Kc3 67. Rd1 Kb2 68. f4 a1=Q 69. Rxa1 Kxa1 70. f5 Kb2 71. f6 Kxb3 72. f7 Kc4 73. Kd2 Bf8 74. Kc2 b3+ 75. Kb2 Bg7+ 76. Kb1 Kc3 77. Kc1 b2+ 78. Kb1 Kd3 79. f8=Q Bxf8 80. Kxb2 Ke3 81. Kc1 Ke2 82. Kc2 Bb4 83. Kb3 Kf3 84. Kxb4 Kg4 85. Kc3 Kxh4 86. Kd2 Kg3 87. Ke1 Kg2 0-1


[Site "https://www.chess.com"]

[Event "Titled Tuesday Blitz April 05 Early 2022"]
[White "Maung, Maung Kyaw Zaw Hein"]
[Black "Araujo Filho, Luiz Antonio Coel"]
[WhiteFideId "13001698"]
[BlackFideId "2130661"]
[WhiteElo "1785"]
[BlackElo "2261"]
[Result "1-0"]
[Round "10"]
[TimeControl "180+1"]
[Date "2022.04.05"]
[WhiteClock "0:00:12"]
[BlackClock "0:00:02"]

1. Nf3 f5 2. d3 Nf6 3. e4 fxe4 4. dxe4 Nxe4 5. Bd3 Nf6 6. Ng5 g6 7. h4 e5 8. h5 e4 9. Nxe4 Nxe4 10. Bxe4 Qe7 11. Qe2 d5 12. Bxd5 Qxe2+ 13. Kxe2 gxh5 14. f3 c6 15. Be4 Rg8 16. Kf1 Be6 17. Rxh5 Nd7 18. Be3 Nf6 19. Rh4 Be7 20. Kf2 Nd5 21. Rxh7 Nxe3 22. Kxe3 Rxg2 23. Nc3 Bc5+ 24. Kf4 O-O-O 25. Ke5 Bg8 26. Rh5 Bd6+ 27. Kd4 Bb4+ 28. Ke3 Re8 29. Rd1 Rxc2 30. Rd3 Rxb2 31. Ne2 Rxa2 32. Nf4 Ra3 33. Rxa3 Bxa3 34. Nd3 Bd6 35. f4 1-0


[Site "https://www.chess.com"]

[Event "Titled Tuesday Blitz April 05 Early 2022"]
[White "Mickiewicz, Piotr"]
[Black "Arabidze, Meri"]
[WhiteFideId "1114891"]
[BlackFideId "13604040"]
[WhiteElo "2266"]
[BlackElo "2335"]
[Result "0-1"]
[Round "10"]
[TimeControl "180+1"]
[Date "2022.04.05"]
[WhiteClock "0:00:23"]
[BlackClock "0:00:57"]

1. e4 c5 2. Nf3 e6 3. d4 cxd4 4. Nxd4 Nc6 5. Nb5 d6 6. c4 Nf6 7. N5c3 Be7 8. Be2 O-O 9. O-O b6 10. Be3 Bb7 11. Qd2 Ne5 12. f3 a6 13. b3 Qc7 14. Na4 Ned7 15. Nbc3 Rad8 16. Rfd1 Nc5 17. Bf1 d5 18. cxd5 exd5 19. e5 Qxe5 20. Nxb6 Bd6 21. g3 Ne6 22. Ne2 d4 23. Nc4 dxe3 24. Qxd6 Qxd6 25. Nxd6 Bxf3 26. Nc4 Nd5 27. Rac1 Ng5 28. Rd3 Be4 29. Rxd5 Nf3+ 30. Kh1 Rxd5 31. Nxe3 Rd2 32. Rc4 f5 0-1


[Site "https://www.chess.com"]

[Event "Titled Tuesday Blitz April 05 Early 2022"]
[White "Mohammadian, Mohammad"]
[Black "De Souza, Cristiano Gomes"]
[WhiteFideId "12566055"]
[BlackFideId "2151758"]
[WhiteElo "1544"]
[BlackElo "2068"]
[Result "0-1"]
[Round "10"]
[TimeControl "180+1"]
[Date "2022.04.05"]
[WhiteClock "0:00:23"]
[BlackClock "0:00:15"]

1. e4 c5 2. Nf3 d6 3. d4 cxd4 4. Nxd4 Nf6 5. Nc3 g6 6. Be2 Bg7 7. Be3 Nc6 8. Qd2 Bd7 9. O-O-O Qa5 10. Kb1 Rc8 11. h4 h5 12. f3 a6 13. Nxc6 bxc6 14. Nd5 Qxd2 15. Nxf6+ Bxf6 16. Rxd2 Rb8 17. Bd4 Bxd4 18. Rxd4 Rb6 19. Ra4 O-O 20. Rxa6 Rb7 21. Ra3 Rfb8 22. Rb3 Be6 23. Rxb7 Rxb7 24. b3 c5 25. c4 Kg7 26. Rd1 Kf6 27. Kb2 Ke5 28. a4 Kf4 29. Ka3 Kg3 30. Bf1 Kxh4 31. Rb1 Bd7 32. b4 cxb4+ 33. Rxb4 Ra7 34. Kb3 Kg3 35. Kc3 Kf2 36. Rb1 Rxa4 37. Kb3 Ra8 38. Kc3 Be6 39. Kd4 g5 40. e5 dxe5+ 41. Kxe5 Rc8 42. Rc1 h4 43. c5 Bd7 44. f4 g4 45. f5 Bc6 46. Kf4 g3 47. Kg4 Rh8 48. Kh3 Rh5 49. Kg4 Rh6 50. Kh3 Rf6 51. Kg4 Bxg2 52. Bxg2 Kxg2 53. Kxh4 Kf2 54. Rc2+ Kf3 55. c6 Kf4 56. c7 Rh6# 0-1


[Site "https://www.chess.com"]

[Event "Titled Tuesday Blitz April 05 Early 2022"]
[White "Mokshanov, Alexey"]
[Black "Horak, Martin"]
[WhiteFideId "24121657"]
[BlackFideId "367095"]
[WhiteElo "2141"]
[BlackElo "1997"]
[Result "1/2-1/2"]
[Round "10"]
[TimeControl "180+1"]
[Date "2022.04.05"]
[WhiteClock "0:02:34"]
[BlackClock "0:02:27"]

1. e4 c5 2. Nf3 e6 3. g3 d5 4. exd5 Qxd5 5. Bg2 Nf6 6. O-O Nc6 7. Nc3 Qd8 8. d4 cxd4 9. Nb5 Bc5 10. Bf4 O-O 11. Nc7 Rb8 12. Nb5 Ra8 13. Nc7 Rb8 14. Nb5 Ra8 1/2-1/2


[Site "https://www.chess.com"]

[Event "Titled Tuesday Blitz April 05 Early 2022"]
[White "Moskvin, Anatoly"]
[Black "Chincholimath, Halsagar"]
[WhiteFideId "24199990"]
[BlackFideId "5022487"]
[WhiteElo "2079"]
[BlackElo "1737"]
[Result "1-0"]
[Round "10"]
[TimeControl "180+1"]
[Date "2022.04.05"]
[WhiteClock "0:02:37"]
[BlackClock "0:01:55"]

1. e4 c6 2. c4 d5 3. exd5 cxd5 4. cxd5 Nf6 5. Nc3 g6 6. Bc4 Bg7 7. Nge2 Nbd7 8. d3 O-O 9. O-O a6 10. a4 Nb6 11. Qb3 Qc7 12. Bf4 Qc5 13. Be3 1-0


[Site "https://www.chess.com"]

[Event "Titled Tuesday Blitz April 05 Early 2022"]
[White "Nguyen Hong Nhung"]
[Black "Artemenko, Oleg"]
[WhiteFideId "12412201"]
[BlackFideId "14201798"]
[WhiteElo "1758"]
[BlackElo "2287"]
[Result "1-0"]
[Round "10"]
[TimeControl "180+1"]
[Date "2022.04.05"]
[WhiteClock "0:00:45"]
[BlackClock "0:00:35"]

1. e4 e6 2. d4 d5 3. Nc3 Nf6 4. Bg5 Bb4 5. e5 h6 6. Bd2 Bxc3 7. bxc3 Ne4 8. Bd3 Nxd2 9. Qxd2 c5 10. dxc5 Nc6 11. Qe3 Qa5 12. Ne2 d4 13. Qg3 O-O 14. O-O dxc3 15. Qe3 Bd7 16. Nxc3 Rac8 17. Rab1 Nd8 18. Ne4 b6 19. Rb3 bxc5 20. Nf6+ Kh8 21. Nxd7 Rg8 22. Qe4 g6 23. Nf6 Rf8 24. Qh4 Kg7 25. Nd7 Re8 26. Bc4 Nc6 27. Qf6+ Kg8 28. Rh3 Qd2 29. Qh4 Kg7 30. Nf6 Red8 31. Bd3 Nxe5 32. Ne4 g5 33. Qxh6+ 1-0


[Site "https://www.chess.com"]

[Event "Titled Tuesday Blitz April 05 Early 2022"]
[White "Omariev, Maksim"]
[Black "Yang, Kaiqi"]
[WhiteFideId "4193423"]
[BlackFideId "8604398"]
[WhiteElo "2494"]
[BlackElo "2373"]
[Result "0-1"]
[Round "10"]
[TimeControl "180+1"]
[Date "2022.04.05"]
[WhiteClock "0:01:50"]
[BlackClock "0:02:34"]

1. e4 e5 2. Nf3 Nc6 3. Bb5 a6 4. Ba4 Nf6 5. O-O Be7 6. Re1 b5 7. Bb3 O-O 8. h3 Bb7 9. c3 d5 10. exd5 Nxd5 11. Nxe5 Nxe5 12. Rxe5 Nf4 13. f3 Nd3 14. Re2 Bc5+ 15. Kf1 Qd6 16. Bc2 Qh2 0-1


[Site "https://www.chess.com"]

[Event "Titled Tuesday Blitz April 05 Early 2022"]
[White "Onslow, Alfie"]
[Black "Todorovic, Bojan"]
[WhiteFideId "436976"]
[BlackFideId "917087"]
[WhiteElo "1884"]
[BlackElo "2266"]
[Result "0-1"]
[Round "10"]
[TimeControl "180+1"]
[Date "2022.04.05"]
[WhiteClock "0:01:15"]
[BlackClock "0:02:10"]

1. Nf3 g6 2. c4 Bg7 3. g3 Nf6 4. b3 Ne4 5. d4 c5 6. Bg2 Nc6 7. Bb2 Qa5+ 8. Nbd2 cxd4 9. O-O Nc3 10. Qe1 O-O 11. a3 Qh5 12. Nb1 Nxb1 13. Rxb1 d6 14. Rd1 e5 15. e3 Bg4 16. exd4 Bxf3 17. Bxf3 Qxf3 0-1


[Site "https://www.chess.com"]

[Event "Titled Tuesday Blitz April 05 Early 2022"]
[White "Papp, Levente"]
[Black "Dixit, Nikhil"]
[WhiteFideId "751243"]
[BlackFideId "5059534"]
[WhiteElo "2308"]
[BlackElo "2223"]
[Result "0-1"]
[Round "10"]
[TimeControl "180+1"]
[Date "2022.04.05"]
[WhiteClock "0:00:04"]
[BlackClock "0:00:26"]

1. g3 Nf6 2. Bg2 g6 3. c4 Bg7 4. Nc3 O-O 5. e4 e5 6. Nge2 Nc6 7. O-O d6 8. d3 Bg4 9. f3 Be6 10. Nd5 Qd7 11. Be3 Ne7 12. Bg5 Bxd5 13. cxd5 h6 14. Be3 c6 15. dxc6 bxc6 16. d4 exd4 17. Nxd4 Rab8 18. Qc2 Rfc8 19. Rfd1 c5 20. Ne2 Qe6 21. Nf4 Qe5 22. Nd3 Qe6 23. Qa4 Nfd5 24. Bf2 Nb6 25. Qc2 Qc4 26. Rac1 Qxa2 27. h3 Nc6 28. Qd2 Nc4 29. Qf4 Nxb2 30. Qxd6 Nxd1 31. Rxd1 Rb1 32. Rxb1 Qxb1+ 33. Kh2 Rd8 34. Qxc6 Qxd3 35. Bxc5 Qe2 36. f4 Rd2 37. e5 Bf8 38. Bxa7 Rc2 39. Qd5 Rd2 40. Qc6 h5 41. h4 Ra2 42. Bb6 Rc2 43. Qa8 Rb2 44. Bc5 Qxg2+ 45. Qxg2 Rxg2+ 46. Kxg2 Bxc5 47. Kf3 Kf8 48. g4 hxg4+ 49. Kxg4 Ke8 50. f5 gxf5+ 51. Kxf5 Ke7 52. h5 Be3 53. Ke4 Bh6 54. Kf5 Bc1 55. Ke4 Ke6 56. Kd4 Bb2+ 57. Ke4 Bxe5 58. h6 Bh8 59. Kf4 f5 60. Kg5 Ke5 61. Kg6 f4 62. Kh7 Bf6 63. Kg6 f3 0-1


[Site "https://www.chess.com"]

[Event "Titled Tuesday Blitz April 05 Early 2022"]
[White "Piesik, Piotr"]
[Black "Odegov, Artem"]
[WhiteFideId "1136194"]
[BlackFideId "34183644"]
[WhiteElo "2190"]
[BlackElo "2286"]
[Result "1-0"]
[Round "10"]
[TimeControl "180+1"]
[Date "2022.04.05"]
[WhiteClock "0:01:12"]
[BlackClock "0:00:03"]

1. Nf3 Nf6 2. g3 d5 3. Bg2 Bf5 4. O-O c6 5. d3 Nbd7 6. Nbd2 e6 7. Qe1 h6 8. e4 dxe4 9. dxe4 Bh7 10. Qe2 Be7 11. a4 O-O 12. b3 Qc7 13. Bb2 Rad8 14. Rfd1 Nc5 15. Ne5 a5 16. f3 Na6 17. Nec4 Rd7 18. Be5 Qd8 19. Nf1 Bc5+ 20. Kh1 Bd4 21. Bxd4 Rxd4 22. Rxd4 Qxd4 23. Rd1 Qc5 24. Qe3 Ra8 25. Qxc5 Nxc5 26. Nb6 Rb8 27. Ne3 g5 28. g4 Na6 29. Nec4 Nb4 30. Rd2 Kf8 31. Nxa5 Ke7 32. c3 Na6 33. b4 Nc7 34. Kg1 e5 35. Nac4 Ne6 36. Nxe5 Nf4 37. Bf1 h5 38. gxh5 N6xh5 39. Bc4 Nf6 40. Nxf7 g4 41. e5 N6d5 42. Bxd5 cxd5 43. Ng5 Bf5 44. fxg4 Bxg4 45. Nxd5+ Nxd5 46. Rxd5 Rg8 47. h4 Rc8 48. Rc5 Rd8 49. Kf2 Rd2+ 50. Kg3 Bh5 51. Rc7+ Kd8 52. Rxb7 Rd3+ 53. Kf4 Rxc3 54. Nf7+ Ke8 55. Nd6+ Kf8 56. Kg5 Be8 57. Rb8 Ke7 58. Rxe8+ Kd7 59. Ra8 Rg3+ 60. Kf6 Rg1 61. b5 Kc7 62. a5 Kd7 63. Ra7+ Kd8 64. Nf5 Kc8 65. e6 Kb8 66. Rh7 Re1 67. e7 Kb7 68. e8=Q+ Re7 69. Rxe7# 1-0


[Site "https://www.chess.com"]

[Event "Titled Tuesday Blitz April 05 Early 2022"]
[White "Piliczewski, Bogusz"]
[Black "Matthes, Aaron"]
[WhiteFideId "1104144"]
[BlackFideId "16227310"]
[WhiteElo "1896"]
[BlackElo "2329"]
[Result "0-1"]
[Round "10"]
[TimeControl "180+1"]
[Date "2022.04.05"]
[WhiteClock "0:00:06"]
[BlackClock "0:01:36"]

1. d4 b6 2. Nf3 Nf6 3. Bf4 Bb7 4. e3 d6 5. Be2 Nbd7 6. O-O g6 7. h3 Bg7 8. c4 O-O 9. Nc3 Re8 10. Bh2 e5 11. Qd2 Qe7 12. Rfd1 Rad8 13. Rac1 Ne4 14. Nxe4 Bxe4 15. b4 exd4 16. exd4 Qf6 17. Rc3 c5 18. bxc5 dxc5 19. Be5 Nxe5 20. dxe5 Rxd2 21. exf6 Rxd1+ 22. Bxd1 Bxf6 23. Re3 Bc6 24. Ra3 Re7 25. Kf1 Kg7 26. Ra6 Bc3 27. g3 Ba5 28. Be2 Bb7 29. Rxa5 bxa5 30. Nd2 Rd7 31. Ke1 Re7 32. Kd1 Bg2 33. a4 Bxh3 34. Nb3 h5 35. Nxc5 Bg4 36. Bxg4 hxg4 37. Nb3 f5 38. Nxa5 Kf6 39. Nc6 Rc7 40. Nb4 Rc5 41. Nd5+ Ke5 42. Ne3 g5 0-1


[Site "https://www.chess.com"]

[Event "Titled Tuesday Blitz April 05 Early 2022"]
[White "Pinheiro, Iung Alicio de O."]
[Black "Mirzoev, Azer"]
[WhiteFideId "2104350"]
[BlackFideId "13400304"]
[WhiteElo "2527"]
[BlackElo "2525"]
[Result "1/2-1/2"]
[Round "10"]
[TimeControl "180+1"]
[Date "2022.04.05"]
[WhiteClock "0:00:15"]
[BlackClock "0:00:46"]

1. c4 Nf6 2. g3 e5 3. Bg2 Nc6 4. Nc3 Bc5 5. a3 a6 6. e3 Ba7 7. Nge2 d6 8. h3 Be6 9. b3 d5 10. d4 exd4 11. exd4 O-O 12. O-O Ne7 13. c5 c6 14. Bf4 Bb8 15. Qd2 Bxf4 16. Nxf4 Bf5 17. Rfe1 Ng6 18. b4 Re8 19. Nd3 Ne4 20. Nxe4 Bxe4 21. Bf1 h5 22. h4 Qf6 23. Nf4 Nxf4 24. Qxf4 Qxd4 25. Rad1 Qf6 26. Qxf6 gxf6 27. Be2 Bg6 28. Bf3 Re5 29. Rf1 Kg7 30. Rd4 a5 31. b5 cxb5 32. Rxd5 Rc8 33. Rc1 Rc7 34. Rc3 Rxd5 35. Bxd5 Bf5 36. f3 Bd7 37. Kf2 Be6 38. Bxe6 fxe6 39. Ke3 f5 40. Kd4 Rd7+ 41. Ke3 Rd5 42. c6 bxc6 43. Rxc6 Kf6 44. Ra6 a4 45. Rb6 Rc5 46. Kd4 Rd5+ 47. Ke3 Ke5 48. f4+ Kf6 49. Rb7 Rc5 50. Kd4 Rc4+ 51. Kd3 Rc5 52. Kd4 Rd5+ 53. Ke3 Kg6 54. Re7 Kf6 55. Rb7 1/2-1/2


[Site "https://www.chess.com"]

[Event "Titled Tuesday Blitz April 05 Early 2022"]
[White "Pischal, Yulia"]
[Black "Estrada Nieto, Julian"]
[WhiteFideId "14102390"]
[BlackFideId "5101018"]
[WhiteElo "1931"]
[BlackElo "2252"]
[Result "0-1"]
[Round "10"]
[TimeControl "180+1"]
[Date "2022.04.05"]
[WhiteClock "0:01:45"]
[BlackClock "0:01:26"]

1. e4 e5 2. Nc3 Nf6 3. g3 d5 4. exd5 Nxd5 5. Bg2 Nxc3 6. bxc3 Nc6 7. d3 Bc5 8. Nf3 Bg4 9. O-O O-O 10. h3 Bh5 11. Be3 Bb6 12. Qe2 f5 13. Bxb6 axb6 14. Qe3 Qf6 15. Rfe1 Ra5 16. c4 Rfa8 17. Ng5 f4 18. Bd5+ Rxd5 19. gxf4 Rda5 20. Ne4 Qxf4 21. Qxf4 exf4 22. Kh2 Nd4 23. Rg1 Nf3+ 24. Kh1 Nxg1 25. Rxg1 Bf3+ 26. Kh2 Bxe4 0-1


[Site "https://www.chess.com"]

[Event "Titled Tuesday Blitz April 05 Early 2022"]
[White "Politov, Pavel Y."]
[Black "Demin, Vladimir"]
[WhiteFideId "24110515"]
[BlackFideId "4167457"]
[WhiteElo "2090"]
[BlackElo "2411"]
[Result "1-0"]
[Round "10"]
[TimeControl "180+1"]
[Date "2022.04.05"]
[WhiteClock "0:00:05"]
[BlackClock "0:00:10"]

1. e4 c5 2. Nf3 Nc6 3. d4 cxd4 4. Nxd4 e5 5. Nb5 a6 6. Nd6+ Bxd6 7. Qxd6 Qe7 8. Qd1 Nf6 9. Nc3 Nd4 10. Be3 O-O 11. Bxd4 d5 12. Nxd5 Nxd5 13. exd5 exd4+ 14. Be2 Qe5 15. O-O Qxd5 16. Qd2 Qc5 17. Rfd1 Rd8 18. c3 Be6 19. cxd4 Qb6 20. Bf3 Bd5 21. Bxd5 Rxd5 22. Rac1 Rad8 23. b3 Qf6 24. Qe3 h6 25. Rc4 b5 26. Rcc1 Rxd4 27. Rxd4 Qxd4 28. Qxd4 Rxd4 29. Kf1 Rd2 30. a4 bxa4 31. bxa4 Rd4 32. Ra1 f5 33. Ke2 Kf7 34. Ke3 Rb4 35. a5 Ke6 36. Rc1 Kd6 37. Rc8 Ra4 38. Rg8 Rxa5 39. Rxg7 Ke5 40. Rh7 Ra3+ 41. Ke2 Ra2+ 42. Kf1 a5 43. Rxh6 a4 44. Ra6 a3 45. g3 Ke4 46. Kg2 Ra1 47. h4 f4 48. gxf4 Kxf4 49. h5 a2 50. h6 Rb1 51. h7 Rb8 52. Rxa2 Rh8 53. Ra7 Kf5 54. Kg3 Kg6 55. Kg4 Kf6 56. f4 Kg6 57. Kh4 Rxh7+ 58. Rxh7 Kxh7 59. Kh5 Kg7 60. Kg5 Kf7 61. Kf5 Kg7 62. Ke6 Kg6 63. f5+ Kg5 64. f6 Kg6 65. f7 Kg7 66. Ke7 Kg6 67. f8=Q Kg5 68. Qf6+ Kg4 69. Ke6 1-0


[Site "https://www.chess.com"]

[Event "Titled Tuesday Blitz April 05 Early 2022"]
[White "Polok, Kacper"]
[Black "Hua, Lefong"]
[WhiteFideId "1137158"]
[BlackFideId "2602253"]
[WhiteElo "2224"]
[BlackElo "2573"]
[Result "0-1"]
[Round "10"]
[TimeControl "180+1"]
[Date "2022.04.05"]
[WhiteClock "0:01:36"]
[BlackClock "0:01:46"]

1. e4 c5 2. Nc3 g6 3. h4 Nf6 4. h5 Nxh5 5. Rxh5 gxh5 6. Qxh5 Nc6 7. Bc4 e6 8. d3 Qf6 9. Be3 Qg6 10. Qh2 a6 11. Nf3 b5 12. Bb3 d6 13. O-O-O Bb7 14. Nh4 Qh5 15. f3 Be7 16. Rh1 Qxh4 17. Qxh4 Bxh4 18. Rxh4 Ke7 19. Kd2 f6 20. Ne2 Rag8 21. Nf4 Bc8 22. g4 Ne5 23. Ke2 Bd7 24. Rh6 c4 25. dxc4 bxc4 26. Nh5 Rg6 0-1


[Site "https://www.chess.com"]

[Event "Titled Tuesday Blitz April 05 Early 2022"]
[White "Postnikov, Daniil"]
[Black "Muradov, Soltan"]
[WhiteFideId "4166329"]
[BlackFideId "14002108"]
[WhiteElo "2261"]
[BlackElo "1854"]
[Result "1-0"]
[Round "10"]
[TimeControl "180+1"]
[Date "2022.04.05"]
[WhiteClock "0:01:48"]
[BlackClock "0:01:39"]

1. d4 Nf6 2. c4 e6 3. Nf3 b6 4. g3 Bb7 5. Bg2 d5 6. Ne5 Nbd7 7. Qa4 Bd6 8. Nc3 O-O 9. Nxd7 Nxd7 10. cxd5 exd5 11. Nxd5 Kh8 12. O-O c5 13. Rd1 cxd4 14. Qxd4 Be5 15. Qb4 Nf6 16. Bf4 Nxd5 17. Bxd5 Bxf4 18. Bxb7 1-0


[Site "https://www.chess.com"]

[Event "Titled Tuesday Blitz April 05 Early 2022"]
[White "Prado Lobo, Jonas"]
[Black "Prohorov, Olexandr"]
[WhiteFideId "32050666"]
[BlackFideId "14105578"]
[WhiteElo "2214"]
[BlackElo "1993"]
[Result "0-1"]
[Round "10"]
[TimeControl "180+1"]
[Date "2022.04.05"]
[WhiteClock "0:00:01"]
[BlackClock "0:00:01"]

1. d4 g6 2. e4 Bg7 3. Nf3 c5 4. Bc4 cxd4 5. O-O Nc6 6. c3 d3 7. Qxd3 d6 8. Qe2 Nf6 9. Rd1 Qc7 10. Na3 a6 11. h3 O-O 12. Bf4 b5 13. Bb3 Ne5 14. Nc2 Bb7 15. Nb4 Nxf3+ 16. gxf3 Qd7 17. Kh2 a5 18. Nd5 Nxd5 19. Bxd5 Bxd5 20. Rxd5 b4 21. c4 a4 22. Rad1 Qc6 23. b3 axb3 24. axb3 Ra3 25. Qe3 h5 26. Bh6 Rc8 27. Rg1 Bf6 28. Bg5 Be5+ 29. f4 Bc3 30. Bxe7 Rxb3 31. Rxd6 Qxc4 32. Qb6 Bg7 33. Rdxg6 fxg6 34. Qxg6 Qf7 35. Qg5 Rb2 36. Bf6 Rxf2+ 37. Kh1 Kf8 38. Bxg7+ Ke8 39. Bf6 Qe6 40. Qxh5+ Kd7 0-1


[Site "https://www.chess.com"]

[Event "Titled Tuesday Blitz April 05 Early 2022"]
[White "Przybylski, Wojciech"]
[Black "Krysa, Leandro"]
[WhiteFideId "1117599"]
[BlackFideId "116807"]
[WhiteElo "2133"]
[BlackElo "2490"]
[Result "0-1"]
[Round "10"]
[TimeControl "180+1"]
[Date "2022.04.05"]
[WhiteClock "0:00:01"]
[BlackClock "0:00:06"]

1. d4 d5 2. Nf3 Nf6 3. Bf4 g6 4. h3 Bg7 5. c3 O-O 6. Nbd2 c5 7. e3 Nc6 8. Be2 Nd7 9. O-O e5 10. dxe5 Ndxe5 11. Nxe5 Nxe5 12. Nf3 Nc6 13. Qd2 Be6 14. Rfd1 Qb6 15. Ng5 Rad8 16. Nxe6 fxe6 17. Bg4 Rfe8 18. Bg5 Rd6 19. Bf4 e5 20. Bg3 Bf6 21. Qc2 Kg7 22. h4 Rdd8 23. h5 d4 24. Bf3 c4 25. cxd4 exd4 26. Qxc4 dxe3 27. h6+ Kxh6 28. Qf7 Ne5 29. Bf4+ Bg5 30. Bxg5+ Kxg5 31. Qxh7 exf2+ 32. Kf1 Nxf3 33. gxf3 Qe3 34. Kg2 Rd2 35. f4+ Qxf4 36. Rxd2 Qxd2 37. Qf7 Re4 38. Rf1 Rg4+ 39. Kh2 Qd6+ 40. Kh1 Qc6+ 41. Kh2 Qg2# 0-1


[Site "https://www.chess.com"]

[Event "Titled Tuesday Blitz April 05 Early 2022"]
[White "Roberson, Peter T"]
[Black "Sliwicka, Alicja"]
[WhiteFideId "412384"]
[BlackFideId "1150677"]
[WhiteElo "2346"]
[BlackElo "2120"]
[Result "1-0"]
[Round "10"]
[TimeControl "180+1"]
[Date "2022.04.05"]
[WhiteClock "0:01:30"]
[BlackClock "0:01:15"]

1. e4 c5 2. Na3 e5 3. Nf3 Nc6 4. Bb5 d6 5. O-O g6 6. c3 a6 7. Bxc6+ bxc6 8. d4 cxd4 9. cxd4 exd4 10. Qxd4 Qf6 11. Nc4 Qxd4 12. Nxd4 Be6 13. Nxe6 fxe6 14. Rd1 O-O-O 15. Be3 e5 16. Na5 c5 17. b4 cxb4 18. Rab1 Bh6 19. Bxh6 Nxh6 20. Rxb4 Kd7 21. Rb6 Ke7 22. Nc6+ Ke6 23. Nxd8+ Rxd8 24. Rxa6 Nf7 25. f3 Rb8 26. Rd2 Rb7 27. a4 Kd7 28. a5 Kc7 29. Rc2+ Kb8 30. Rb6 Rxb6 31. axb6 Nd8 32. Rc7 1-0


[Site "https://www.chess.com"]

[Event "Titled Tuesday Blitz April 05 Early 2022"]
[White "Ronka, Erik"]
[Black "Dang, Hoang Son"]
[WhiteFideId "505080"]
[BlackFideId "12402435"]
[WhiteElo "2264"]
[BlackElo "2252"]
[Result "1-0"]
[Round "10"]
[TimeControl "180+1"]
[Date "2022.04.05"]
[WhiteClock "0:00:41"]
[BlackClock "0:00:02"]

1. e4 e5 2. Bc4 Nc6 3. Nc3 Nf6 4. d3 Bc5 5. f4 O-O 6. Nf3 Ng4 7. Qe2 Bf2+ 8. Kd1 Nd4 9. Qf1 d6 10. h3 Ne3+ 11. Bxe3 Bxe3 12. f5 c6 13. Nxd4 exd4 14. Ne2 b5 15. Bb3 a5 16. a4 Bd7 17. Qf3 c5 18. Rf1 bxa4 19. Bxa4 Bxa4 20. Rxa4 Qb6 21. b3 Rfb8 22. Nf4 Bxf4 23. Qxf4 Qc6 24. f6 Kh8 25. fxg7+ Kxg7 26. Qf6+ Kg8 27. Qxf7+ Kh8 28. Qf6+ Kg8 29. Qg5+ Kh8 30. Rf7 Rg8 31. Qf6+ 1-0


[Site "https://www.chess.com"]

[Event "Titled Tuesday Blitz April 05 Early 2022"]
[White "Rottenwohrer Suarez, Juan"]
[Black "Koc, Przemyslaw"]
[WhiteFideId "32068182"]
[BlackFideId "1109081"]
[WhiteElo "2158"]
[BlackElo "2141"]
[Result "0-1"]
[Round "10"]
[TimeControl "180+1"]
[Date "2022.04.05"]
[WhiteClock "0:00:03"]
[BlackClock "0:00:32"]

1. d4 f5 2. c4 Nf6 3. Nf3 g6 4. g3 Bg7 5. Bg2 O-O 6. O-O d6 7. Nc3 Qe8 8. b3 c6 9. Bb2 Nh5 10. e4 f4 11. Qd3 g5 12. Rfe1 Qg6 13. Rad1 Na6 14. a3 Bg4 15. Rd2 Rf7 16. e5 fxg3 17. fxg3 Bf5 18. Qe2 Raf8 19. Qe3 Bh6 20. e6 Rf6 21. Qe2 Rxe6 22. Qd1 Bg4 23. Rxe6 Qxe6 24. Rf2 Qe3 25. Qd2 Qxd2 26. Nxd2 Bg7 27. Nce4 h6 28. b4 Nc7 29. Nb3 b6 30. Ned2 c5 31. bxc5 bxc5 32. Ba1 cxd4 33. Bxd4 e5 34. Bxa7 Ra8 35. Be3 Rxa3 36. Bb6 Na6 37. Bd5+ Kh8 38. Rf7 Nf6 0-1


[Site "https://www.chess.com"]

[Event "Titled Tuesday Blitz April 05 Early 2022"]
[White "Rozhkov, Viacheslav"]
[Black "Gatterer, Florian"]
[WhiteFideId "4181484"]
[BlackFideId "811688"]
[WhiteElo "2324"]
[BlackElo "2218"]
[Result "1-0"]
[Round "10"]
[TimeControl "180+1"]
[Date "2022.04.05"]
[WhiteClock "0:00:03"]
[BlackClock "0:00:03"]

1. e4 e6 2. d4 d5 3. e5 c5 4. c3 Nc6 5. Nf3 Nge7 6. Bd3 Nf5 7. O-O cxd4 8. Bxf5 exf5 9. cxd4 Be6 10. Nc3 Be7 11. a3 Rc8 12. Be3 O-O 13. Rc1 g5 14. b4 f4 15. Bd2 Bg4 16. Ne2 Kh8 17. Kh1 a6 18. Qb3 Qd7 19. h4 h6 20. Rfe1 Rg8 21. Nfg1 Be6 22. a4 Bf5 23. b5 axb5 24. axb5 Na7 25. Nc3 Be6 26. Ra1 Ra8 27. Ra2 gxh4 28. Bxf4 h3 29. g3 h2 30. Kxh2 Rg4 31. Rea1 Rag8 32. Rxa7 Bg5 33. Nce2 Bf5 34. Ra8 Bxf4 35. Rxg8+ Kxg8 36. Nxf4 Be4 37. Ra8+ Kg7 38. Qb4 Kh7 39. Qf8 Rxf4 40. gxf4 Qf5 41. Qh8+ Kg6 42. Rg8+ Kh5 43. Rg3 Qxf4 44. Qg7 b6 45. Nh3 Qxf2+ 46. Nxf2 Bf3 47. Qxf7+ Kh4 48. Qf4+ 1-0


[Site "https://www.chess.com"]